 Dungeon Crawl Stone Soup version 0.29-a0-231-g945431f764 (webtiles) character file.

Game seed: 1447206122226119257

1624 Rennog the Covert (level 8, -6/38 HPs)
             Began as a Felid Fighter on Feb 28, 2022.
             Was an Initiate of Ashenzari.
             Killed by divine providence
             ... invoked by an orc priest
              (11 damage)
             ... on level 8 of the Dungeon.
             The game lasted 00:24:30 (11929 turns).

Rennog the Covert (Felid Fighter)                  Turns: 11929, Time: 00:24:31

Health: -6/38      AC:  6    Str: 12    XL:     8   Next: 65%
Magic:  9/9        EV: 25    Int:  9    God:    Ashenzari [......]
Gold:   276        SH:  0    Dex: 24    Spells: 7/7 levels left
                                        Lives:  0   Deaths: 2

rFire   . . .      SeeInvis +     - Unarmed
rCold   . . .      Faith    .   (shield unavailable)
rNeg    . . .      Spirit   .   (body armour unavailable)
rPois   .          Reflect  .   (helmet unavailable)
rElec   .          Harm     .   (cloak unavailable)
rCorr   .          Rampage  .   (gloves unavailable)
Will    +....                   (boots unavailable)
Stlth   +++++.....              (no amulet)
HPRegen 0.12/turn               n - +4 ring of protection
MPRegen 0.11/turn               u - +6 ring of dexterity

@: quick
A: very small, claws 1, fangs 3, see invisible, speed 1, shaggy fur 2, stealthy
paws, no weapons or thrown items, no armour, multi-lived
a: Renounce Religion, Curse Item


You were on level 8 of the Dungeon.
You worshipped Ashenzari.
Ashenzari was noncommittal.
You visited 1 branch of the dungeon, and saw 8 of its levels.

You collected 276 gold pieces.

Inventory:

Jewellery
 n - a +4 ring of protection (left paw)
 u - a +6 ring of dexterity (right paw)
Wands
 d - a wand of polymorph (22)
 l - a wand of iceblast (9)
 q - a wand of flame (18)
 r - a wand of charming (12)
Scrolls
 b - 3 scrolls of enchant weapon
 e - a scroll of summoning {unknown}
 h - 2 scrolls of teleportation {unknown}
 i - 6 scrolls of identify {unknown}
 k - a scroll of blinking {unknown}
 s - a scroll of noise {unknown}
 v - a scroll of amnesia {unknown}
Potions
 a - a potion of curing {unknown}
 c - 2 potions of ambrosia {unknown}
 f - a potion of resistance {unknown}
 g - 2 potions of degeneration {unknown}
 j - 3 potions of heal wounds {unknown}
 m - 2 potions of flight {unknown}
 o - 2 potions of haste {unknown}
 p - 2 potions of brilliance {unknown}
 t - 2 potions of magic {unknown}


   Skills:
 + Level 6.3 Fighting
 + Level 8.2 Dodging
 * Level 10.9 Stealth
 + Level 6.8 Unarmed Combat


You had 7 spell levels left.
You didn't know any spells.
Your spell library contained the following spells:

 Spells                   Type           Power      Damage    Failure   Level
 Foxfire                  Conj/Fire      0%         2x1d4     38%         1
 Magic Dart               Conj           0%         1d3       38%         1
 Summon Small Mammal      Summ           0%         N/A       38%         1
 Call Canine Familiar     Summ           0%         N/A       77%         3
 Conjure Flame            Conj/Fire      0%         6-21      77%         3
 Dazzling Flash           Conj/Hex       0%         N/A       77%         3
 Inner Flame              Hex/Fire       0%         N/A       77%         3
 Summon Guardian Golem    Hex/Summ       0%         N/A       77%         3
 Flame Wave               Conj/Fire      0%         2d4       99%         4
 Agony                    Necr           0%         N/A       100%        5
 Silence                  Hex/Air        0%         N/A       100%        5
 Orb of Destruction       Conj           0%         9d5       100%        7
 Spellforged Servitor     Conj/Summ      0%         N/A       100%        7


Dungeon Overview and Level Annotations

Branches:
Dungeon (8/15)             Temple (0/1) D:5
   Lair: D:8-11

Altars:
Ashenzari
Cheibriados
Kikubaaqudgha
Okawaru
Sif Muna
Vehumet
Wu Jian
The Shining One
Lugonu

Shops:
D:7 (

Portals:
Abyss: D:4

Annotations:
D:3 1 runed translucent door, AlmostDecent's ghost, amateur GrHu; Ijyb; Terence
D:6 Sigmund


Innate Abilities, Weirdness & Mutations

You have sharp claws.
You have razor-sharp teeth.
You have supernaturally acute eyesight. (SInv)
You cover ground quickly. (Speed+)
You are covered in thick fur. (AC +2)
Your paws help you pounce on unaware monsters.
You are incapable of wielding weapons or throwing items.
You cannot wear armour.
You gain extra lives every three experience levels.


Message History

The orc wizard barely misses you.
The orc wizard points at you and mumbles some strange words.
The magic dart hits you. The orc priest closely misses you.
You miss the orc wizard. You bite the orc wizard.
The orc wizard is moderately wounded.
The orc wizard hits you with a +0 dagger.
The orc wizard completely misses you. The orc priest completely misses you.
The orc wizard casts a spell at you. The puff of flame hits you.
You claw the orc wizard!
The orc wizard is almost dead.
The orc priest calls upon Beogh to heal the orc wizard.
The orc wizard is healed somewhat.
The orc priest hits you with a +0 short sword.
The orc priest calls down the wrath of Beogh upon you.
Beogh smites you!
* * * LOW HITPOINT WARNING * * *
The orc priest hits you but does no damage.
You feel less confused.
The orc priest looks braver for a moment.
The orc wizard gestures wildly while chanting.
The orc wizard flickers and vanishes for a moment.
Aiming: Iceblast
Press: ? - help, Shift-Dir - straight line The mass of ice explodes!
Aiming: Iceblast
Press: ? - help, Shift-Dir - straight line, f - orc priest
Aim: an orc priest, wielding a +0 short sword The mass of ice explodes!
The iceblast engulfs the orc priest!
The orc priest is heavily wounded.
The iceblast engulfs the orc wizard!
You kill the orc wizard!
You hear a shout!
You closely miss the orc priest. Your bite misses the orc priest.
The orc priest is heavily wounded.
The orc priest closely misses you.
The orc priest invokes the aid of Beogh against you.
Beogh smites you!
You die...

#......##....##
######........##..##
................)..#
...................#
...................#
.......>.......o.o.#
..###..###...####.#######
#####..##########o##....#
...#....#.......@........
...#....'................
...#....#................
...#....#................
...#....#................
...+....#................
...#....#................
#########################


You could see 2 orc priests.

Vanquished Creatures
  Menkaure (D:3)
  3 black bears
  An ice beast (D:6)
  An ogre (D:4)
  2 centaurs
  A phantom (D:7)
  A kobold brigand (D:4)
  3 necrophages
  A gnoll sergeant (D:7)
  4 wights
  7 howler monkeys
  3 jellies
  3 hounds
  2 orc priests
  4 iguanas
  6 orc wizards
  9 gnolls
  2 adders
  A shadow imp (D:6)
  A white imp (D:6)
  A dart slug (D:5)
  15 orcs
  3 ball pythons
  4 endoplasms
  5 giant cockroaches
  8 hobgoblins
  5 jackals
  13 kobolds
  3 quokkas
  4 bats
  4 frilled lizards
  7 goblins
  7 rats
  A lurking horror (D:4)
136 creatures vanquished.

Vanquished Creatures (others)
  An orc wizard (D:6)
1 creature vanquished.

Grand Total: 137 creatures vanquished

Notes
Turn   | Place    | Note
-------+----------+-------------------------------------------
     0 | D:1      | Rennog the Felid Fighter began the quest for the Orb.
     0 | D:1      | Reached XP level 1. HP: 10/10 MP: 2/2
   235 | D:1      | Reached XP level 2. HP: 14/14 MP: 3/3
   465 | D:1      | Reached skill level 1 in Stealth
   867 | D:1      | Reached XP level 3. HP: 10/17 MP: 4/4
   873 | D:1      | Reached skill level 2 in Stealth
  1837 | D:2      | Upgraded the game from 0.29-a0-222-g5b244fca1f to
                  | 0.29-a0-231-g945431f764
  2124 | D:3      | Found a faded altar of an unknown god.
  2150 | D:3      | Reached XP level 4. HP: 21/21 MP: 5/5
  2201 | D:3      | Noticed Terence
  2212 | D:3      | HP: 1/21 [Terence/+1 hand axe of flaming (3)]
  2573 | D:3      | Reached skill level 3 in Stealth
  2602 | D:3      | Found a broken altar of Ashenzari.
  2617 | D:3      | Found an ornate altar of the Wu Jian Council.
  2628 | D:3      | Became a worshipper of Ashenzari the Shackled
  2816 | D:3      | Noticed Ijyb
  2828 | D:3      | Paralysed by Ijyb for 7 turns
  2835 | D:3      | HP: 1/21 [Ijyb/+0 dagger (5)]
  2844 | D:3      | Paralysed by Ijyb for 6 turns
  2850 | D:3      | Slain by Ijyb
  2851 | D:3      | Reached XP level 3. HP: -1/17 MP: 4/4
  2859 | D:3      | Found a runed translucent door.
  2861 | D:3      | Noticed AlmostDecent's ghost (amateur GrHu)
  3086 | D:4      | Noticed Menkaure
  3134 | D:4      | Reached XP level 4. HP: 22/22 MP: 5/5
  3160 | D:4      | Reached skill level 5 in Dodging
  3160 | D:4      | Reached skill level 4 in Stealth
  4008 | D:2      | Reached XP level 5. HP: 18/25 MP: 6/6
  4131 | D:3      | Killed Menkaure
  4132 | D:3      | Reached skill level 5 in Stealth
  4132 | D:3      | Reached skill level 5 in Unarmed Combat
  4132 | D:3      | Gained mutation: You are covered in thick fur. (AC +2)
                  | [Felid growth]
  4132 | D:3      | Reached XP level 6. HP: 19/28 MP: 7/7
  4446 | D:4      | Found a one-way gate to the infinite horrors of the Abyss.
  4447 | D:4      | Found a corrupted altar of Lugonu.
  4676 | D:4      | Reached skill level 6 in Stealth
  4697 | D:4      | Reached XP level 7. HP: 33/33 MP: 8/8
  5144 | D:5      | Entered Level 5 of the Dungeon
  5144 | D:5      | Found a snail-covered altar of Cheibriados.
  5519 | D:4      | Reached skill level 7 in Stealth
  5926 | D:5      | Found a staircase to the Ecumenical Temple.
  6663 | D:6      | Reached skill level 5 in Fighting
  6898 | D:6      | Noticed Sigmund
  7375 | D:5      | Reached skill level 8 in Stealth
  7375 | D:5      | Reached XP level 8. HP: 23/37 MP: 9/9
  8902 | D:6      | Identified the +4 barding of Dalygy {rElec Regen+ Dex+3
                  | Slay+3}
  9267 | D:6      | Reached skill level 9 in Stealth
  9298 | D:6      | Slain by an ice beast
  9299 | D:6      | Reached XP level 7. HP: -1/33 MP: 8/8
  9599 | D:7      | Found a glowing golden altar of the Shining One.
  9607 | D:7      | Found an iron altar of Okawaru.
 10029 | D:7      | Reached XP level 8. HP: 36/38 MP: 9/9
 10070 | D:7      | Reached skill level 10 in Stealth
 10090 | D:7      | Found Fashregan's Weapon Emporium.
 10438 | D:7      | Noticed a two-headed ogre
 10652 | D:8      | Noticed a gargoyle
 10733 | D:8      | Found a radiant altar of Vehumet.
 10737 | D:8      | Found an ancient bone altar of Kikubaaqudgha.
 11538 | D:8      | Identified the +1 hunting sling "Tianooz" {venom, +Blink
                  | rF+}
 11779 | D:8      | Got Vehumet's Incunabulum of Conjuration
 11782 | D:8      | Found a shimmering blue altar of Sif Muna.
 11929 | D:8      | Killed from afar by an orc priest

Illustrated notes

Levels and vault maps discovered:
D:1:      dpeg_arrival_tiny_k, layout_loops_ring, dk_noncrumbling_4
D:2:      layout_rooms
D:3:      layout_rooms, regret_index_temple_of_mockery, minitemple,
          chequers_ecumenical_altar_simple, ebering_ghost_inner_flame,
          uniq_terence, uniq_ijyb
D:4:      layout_basic, kennysheep_path_1, amcnicky_altar_lugonu_corruption,
          uniq_menkaure
D:5:      layout_loops_cross, kennysheep_slug_shrine,
          minmay_temple_entry_statues_pillars, skrybe_limestone_x
D:6:      layout_loops_ring, uniq_sigmund
D:7:      layout_basic, chequers_temple_overflow_statue_of_worship,
          serial_shops, nicolae_shop_bloodbath_and_beyond
D:8:      layout_gridville, grunt_temple_overflow_magic_moments,
          hangedman_decor_peaks_small

Skill      XL: |  1  2  3  4  5  6  7  8 |
---------------+-------------------------+-----
Stealth        | 1 2 4 5 6 8 10 | 10.9
Dodging        | 5 6 8 |  8.2
Fighting       | 4 5 6 |  6.3
Unarmed Combat | 5 6 |  6.8

Action                   |  1- 3 |  4- 6 |  7- 9 || total
-------------------------+-------+-------+-------++-------
Melee: Unarmed           |   125 |    81 |   318 ||   524
       Bite              |    12 |     2 |    53 ||    67
       Punch             |     2 |     1 |    19 ||    22
Evoke: Wand              |       |       |     2 ||     2
  Use: Scroll            |       |     1 |       ||     1
       Potion            |       |     1 |       ||     1
 Stab: Sleeping          |     6 |     3 |     5 ||    14
       Distracted        |       |       |     1 ||     1
Armor: Skin              |     6 |     4 |    19 ||    29
Dodge: Dodged            |    89 |    62 |   241 ||   392

Table legend: (Time is in decaauts)
 A = Elapsed time spent in this place.
 B = Non-inter-level travel time spent in this place.
 C = Inter-level travel time spent in this place.
 D = Time resting spent in this place.
 E = Time spent auto-exploring this place.
 F = Levels seen in this place.
 G = Mean time per level.
                   A        B        C        D        E       F      G
               +--------+--------+--------+--------+--------+-----+--------+
         Total |  10895 |   9940 |    955 |   3417 |   4489 |   8 | 1361.9 |
       Dungeon |  10895 |   9940 |    955 |   3417 |   4489 |   8 | 1361.9 |
               +--------+--------+--------+--------+--------+-----+--------+

Top non-repeatable levels by time:
     D:4: 2458 daAuts
     D:7: 1616 daAuts
     D:1: 1562 daAuts
     D:6: 1315 daAuts
     D:5: 1245 daAuts
     D:3: 1140 daAuts
     D:2: 1016 daAuts
     D:8: 540 daAuts
